 Dungeon Crawl Stone Soup version 0.20.1-1-g8b1a95d (webtiles) character file.

108302 empire the Tortoise (level 16, -3/147 HPs)
             Began as a Minotaur Fighter on Aug 16, 2017.
             Was the Champion of Nemelex Xobeh.
             Blown up by an orb spider (40 damage)
             ... with an orb of destruction
             ... on level 1 of the Spider Nest on Aug 18, 2017.
             The game lasted 01:38:32 (30721 turns).

empire the Tortoise (Minotaur Fighter)             Turns: 30721, Time: 01:38:33

Health: -3/147     AC: 27    Str: 22    XL:     16   Next: 2%
Magic:  22/22      EV: 18    Int:  5    God:    Nemelex Xobeh [******]
Gold:   557        SH: 14    Dex: 20    Spells: 15/15 levels left

rFire    . . .     SeeInvis .   a - +7 scimitar (flame)
rCold    . . .     Gourm    +   c - +0 shield
rNeg     . . .     Faith    .   d - +2 chain mail {rPois}
rPois    +         Spirit   .   p - +1 hat
rElec    .         Reflect  .   (no cloak)
rCorr    .         Harm     .   w - +2 pair of gloves
MR       +....                  X - +2 pair of boots
Stlth    ..........             O - amulet of the gourmand
Regen    0.4/turn               L - +3 ring of protection
MPRegen  0.2/turn               C - +4 ring of dexterity

@: no status effects
A: retaliatory headbutt, horns 2
a: Triple Draw, Deal Four, Stack Five, Renounce Religion


You were on level 1 of the Spider Nest.
You worshipped Nemelex Xobeh.
Nemelex Xobeh was exalted by your worship.
You were not hungry.

You visited 7 branches of the dungeon, and saw 27 of its levels.
You also visited: Sewer.

You collected 2775 gold pieces.
You spent 2218 gold pieces at shops.

Inventory:

Hand Weapons
 a - a +7 scimitar of flaming (weapon)
 b - a +4 demon blade of venom
Armour
 c - a +0 shield (worn)
 d - a +2 chain mail of poison resistance (worn)
 p - a +1 hat (worn)
 w - a +2 pair of gloves (worn)
 X - a +2 pair of boots (worn)
Jewellery
 C - a +4 ring of dexterity (right hand)
 L - a +3 ring of protection (left hand)
 O - an amulet of the gourmand (around neck)
Wands
 h - a wand of polymorph (5/24)
 q - a wand of clouds (4/9)
Scrolls
 e - a scroll of fear
 l - a scroll of brand weapon
 s - 2 scrolls of magic mapping
 v - a scroll of blinking
 x - 3 scrolls of amnesia
 E - 19 scrolls of teleportation
 H - 4 scrolls of remove curse
 K - a scroll of vulnerability
 S - a scroll of immolation
 W - a scroll of holy word
Potions
 g - 6 potions of flight
 i - 3 potions of haste
 j - 4 potions of cancellation
 k - 4 potions of heal wounds
 n - 9 potions of lignification
 u - 3 potions of might
 A - 3 potions of agility
 M - 5 potions of curing
 N - 2 potions of ambrosia
 R - 3 potions of invisibility
 Z - 2 potions of berserk rage
Miscellaneous
 m - an ornate deck of destruction
 y - a legendary deck of destruction
 z - an ornate deck of destruction {drawn: 7}
 B - a plain deck of escape
 G - a legendary deck of escape
 J - a legendary deck of destruction
 Q - an ornate deck of summoning {drawn: 1}
 U - an ornate deck of destruction
 Y - a box of beasts
Comestibles
 f - 12 bread rations
 o - 16 meat rations
 t - 30 royal jellies
 D - 34 fruits


   Skills:
 + Level 14.4 Fighting
 + Level 14.3 Long Blades
 + Level 15.4 Armour
 + Level 13.6 Dodging
 + Level 14.5 Shields
 + Level 9.4 Invocations


You had 15 spell levels left.
You didn't know any spells.

Dungeon Overview and Level Annotations

Branches:
Dungeon (15/15)            Temple (1/1) D:7            Lair (6/6) D:9
  Swamp (1/4) Lair:2       Spider (1/4) Lair:2        Slime (1/5) Lair:5
    Orc (2/2) D:9             Elf (0/3) Orc:2        Vaults (0/5) D:14
 Depths (0/5) D:15

Altars:
Ashenzari
Cheibriados
Dithmenos
Fedhas
Hepliaklqana
Kikubaaqudgha
Nemelex Xobeh
Qazlal
Trog
Uskayaw
Vehumet
Xom
The Shining One
Beogh

Shops:
D:5 *[?%(   D:7 (*[!%   D:9 (   D:12 ?   Orc:2 [((

Portals:
Bazaar: D:14


Innate Abilities, Weirdness & Mutations

You reflexively headbutt those who attack you in melee.
You have a pair of horns on your head.


Message History

The jumping spider completely misses you.
The tarantella closely misses you.
You riposte.
You slash the tarantella! You burn the tarantella.
You kill the tarantella!
An orb of destruction comes into view.
Unknown command.
The redback bites you but does no damage.
The jumping spider leaps! x2
The jumping spider pounces on you but does no damage.
The jumping spider bites you but does no damage.
The redback bites you but does no damage.
The jumping spider leaps!
The redback misses you. You furiously retaliate!
You headbutt the redback!
You kill the redback!
You block the jumping spider's attack. The jumping spider closely misses you.
The orb spider begins to weave its threads into a brightly glowing ball.
Evoke which item? (* to show all) (? for menu, Esc to quit)
You draw a card...
It is the Rangers.
The orb of destruction hits you!
You die...
Your body glows slightly and disappears.

...............#...#......####
.............##......##....##
.............##.......####..##
.............#.........####..##
###.........s...........####..##
##.#.....§.§...........# ###.#
#....§§†.........####.##
####...§..c.......##.##
##.†.s@.c...†..†...#
#.##....s.............##
.......c.^.............#
..#####................##
#...............##
##†.##..........##
#...###.........##
#....#######.##..# ........#
#...###


You could see an orb spider, 2 jumping spiders and 3 friendly centaurs.

Vanquished Creatures
  2 frost giants
  A stone giant (D:14)
  An ettin (D:14)
  Fannar (D:12)
  A great orb of eyes (D:15)
  3 ice dragons
  6 centaur warriors
  4 hydras
  5 two-headed ogres
  Erica (D:8)
  A two-headed ogre (shapeshifter) (D:14)
  A satyr (D:15)
  7 death yaks
  2 orc high priests (Orc:2)
  Nergalle (D:12)
  The ghost of shugdite the Carver, a novice MiFi of Okawaru (D:8)
  2 fire crabs
  3 unseen horrors
  A deep elf archer (D:14)
  Pikel (D:6)
  3 orc knights
  A phantasmal warrior (D:14)
  An orb spider (Spider:1)
  2 deep elf magi
  5 ugly things
  3 wolf spiders (Spider:1)
  A wolf spider zombie (D:12)
  3 cyclopes
  2 orc sorcerers (Orc:1)
  6 elephants
  A manticore (D:14)
  4 torpor snails
  3 black mambas
  6 gargoyles
  An ice statue (D:14)
  A rime drake (Lair:2)
  8 spiny frogs
  3 freezing wraiths
  A demonic crawler (Spider:1)
  6 komodo dragons
  3 yaktaurs
  5 trolls
  4 hornets (Lair:6)
  4 jumping spiders (Spider:1)
  4 slime creatures
  Prince Ribbit (D:6)
  8 polar bears (Lair:6)
  2 raiju (Lair:6)
  7 dream sheep
  8 hippogriffs
  5 blink frogs
  A shadow (D:14)
  18 yaks
  4 tarantellas (Spider:1)
  10 redbacks (Spider:1)
  7 wraiths
  Sigmund (D:6)
  2 wyverns
  A basilisk (D:15)
  2 steam dragons
  2 hungry ghosts (D:12)
  12 vampire mosquitoes
  Edmund (D:6)
  6 swamp worms (Lair:2)
  9 hell hounds (Lair:6)
  3 wargs
  14 water moccasins
  2 acid dragons
  9 porcupines
  3 sky beasts
  4 phantoms
  25 orc warriors
  4 ice beasts
  9 black bears
  4 necrophages
  17 wolves
  12 ogres
  3 boggarts (Lair:6)
  15 centaurs
  9 crocodiles
  Blork the orc (D:6)
  8 big kobolds
  19 bullfrogs
  2 wyvern zombies
  A wyvern skeleton (D:13)
  13 scorpions
  14 killer bees
  7 wights
  An electric eel (Lair:2)
  4 howler monkeys
  5 crimson imps
  A bullfrog zombie (D:10)
  3 centaur zombies
  10 hounds
  A quasit (D:11)
  24 orc priests
  5 jellies
  7 centaur skeletons
  26 orc wizards
  2 bullfrog skeletons
  4 iguanas
  A killer bee zombie (D:8)
  20 worker ants
  A mummy (D:12)
  A hound skeleton (D:4)
  2 worker ant zombies (D:11)
  Robin (D:3)
  16 adders
  10 gnolls
  A howler monkey skeleton (D:4)
  3 shadow imps
  3 oozes
  3 adder skeletons
  4 worms
  10 leopard geckos
  76 orcs
  5 ball pythons
  18 giant cockroaches
  9 goblins
  12 hobgoblins
  A jackal (D:13)
  3 quokkas
  8 bats
  10 frilled lizards
  21 kobolds
  10 rats
  7 bushes (Lair:5)
  12 fungi
  5 plants (Lair:6)
797 creatures vanquished.

Vanquished Creatures (collateral kills)
  A sphinx (D:14)
  A storm dragon (D:14)
  A tengu reaver (D:14)
  An orc warlord (Orc:2)
  Josephine (Lair:6)
  2 hydras (Lair:6)
  3 death yaks (Lair:5)
  An alligator (D:15)
  A fire crab (Lair:6)
  A death drake (Orc:2)
  An orc knight (Orc:2)
  2 orb spiders
  A lindwurm (Lair:6)
  A wolf spider (Spider:1)
  3 orc sorcerers (Orc:2)
  4 ugly things (D:15)
  A black mamba (Lair:6)
  2 torpor snails (Lair:6)
  4 spiny frogs
  A yaktaur (D:14)
  A komodo dragon (Lair:4)
  A demonic crawler (Spider:1)
  4 polar bears
  4 tyrant leeches (Lair:6)
  3 hornets (Lair:6)
  A meliai zombie (D:15)
  A raiju (Lair:6)
  14 blink frogs
  2 hippogriffs (Lair:6)
  A slime creature (Lair:5)
  A redback (Spider:1)
  A tarantella (Spider:1)
  3 yaks (Lair:4)
  3 basilisks
  A human (D:15)
  2 wargs (Lair:6)
  A water moccasin (Lair:6)
  5 hell hounds (Lair:6)
  2 porcupines
  7 orc warriors
  An ice beast (D:15)
  4 black bears (Lair:6)
  An ogre (D:14)
  4 wolves (Lair:6)
  A crocodile (Lair:5)
  A bullfrog (Lair:2)
  2 orc priests (Orc:2)
  2 orc wizards (Orc:2)
  13 orcs
120 creatures vanquished.

Vanquished Creatures (others)
  Sonja (D:11)
  An ugly thing (D:15)
  A wyvern (D:15)
  2 orc warriors (Orc:2)
  2 slaves (D:6)
  2 boggarts
  An orc priest (Orc:2)
  An orc wizard (D:15)
  2 gnolls (D:6)
  A ball lightning (Orc:2)
  5 orcs
  A quokka (D:6)
  A kobold (D:3)
  5 fungi
  10 plants
36 creatures vanquished.

Grand Total: 953 creatures vanquished

Notes
Turn   | Place    | Note
-------+----------+-------------------------------------------
     0 | D:1      | empire the Minotaur Fighter began the quest for the Orb.
     0 | D:1      | Reached XP level 1. HP: 19/19 MP: 0/0
   278 | D:1      | Reached XP level 2. HP: 26/26 MP: 1/1
   408 | D:1      | Reached skill level 4 in Armour
   693 | D:2      | Reached XP level 3. HP: 17/31 MP: 2/2
  1614 | D:2      | Reached skill level 1 in Dodging
  1643 | D:3      | Noticed Robin
  1645 | D:3      | Reached XP level 4. HP: 40/40 MP: 3/3
  1665 | D:3      | Killed Robin
  2098 | D:3      | Reached XP level 5. HP: 41/46 MP: 4/4
  2236 | D:3      | Reached skill level 5 in Armour
  2378 | D:3      | Found a radiant altar of Vehumet.
  2768 | D:4      | Noticed an ogre
  2775 | D:4      | Killed an ogre
  2775 | D:4      | Reached XP level 6. HP: 53/53 MP: 5/5
  2992 | D:4      | Reached skill level 5 in Shields
  3015 | D:4      | Reached skill level 5 in Fighting
  3203 | D:4      | Reached XP level 7. HP: 19/61 MP: 6/6
  3524 | D:4      | Found a blossoming altar of Fedhas.
  3548 | D:4      | Reached skill level 5 in Long Blades
  3563 | D:4      | Reached skill level 6 in Armour
  3619 | D:4      | Found a bloodstained altar of Trog.
  3733 | D:5      | Entered Level 5 of the Dungeon
  3763 | D:5      | Found Dowedgh's Armour Shoppe.
  3801 | D:5      | Found Weiraqam's Magic Scroll Emporium.
  3814 | D:5      | Found Hyodij's Antique Weapon Shoppe.
  3815 | D:5      | Bought a scroll of blinking for 75 gold pieces
  3815 | D:5      | Bought a scroll of identify for 20 gold pieces
  3815 | D:5      | Bought a scroll of identify for 20 gold pieces
  3815 | D:5      | Bought a scroll of identify for 20 gold pieces
  3861 | D:5      | Found Awaceuwk's Assorted Antiques.
  4331 | D:5      | Found an ancient bone altar of Kikubaaqudgha.
  4387 | D:5      | Reached XP level 8. HP: 45/70 MP: 7/7
  4405 | D:5      | Found Kubeze's Food Shop.
  4853 | D:6      | Noticed Prince Ribbit
  4857 | D:6      | Noticed Blork the orc
  4865 | D:6      | Killed Blork the orc
  4896 | D:6      | Noticed Edmund
  4899 | D:6      | Reached skill level 7 in Armour
  4907 | D:6      | Killed Edmund
  4995 | D:6      | Noticed Sigmund
  5006 | D:6      | Killed Sigmund
  5006 | D:6      | Reached skill level 5 in Dodging
  5030 | D:6      | Noticed Pikel
  5031 | D:6      | Noticed a hippogriff
  5046 | D:6      | Killed Pikel
  5046 | D:6      | Reached XP level 9. HP: 73/79 MP: 8/8
  5143 | D:6      | Found a glowing drain.
  5163 | Sewer    | Entered a sewer
  5362 | Sewer    | Reached skill level 8 in Armour
  6192 | D:7      | Found a snail-covered altar of Cheibriados.
  6261 | D:7      | Found Qoigod's Food Boutique.
  6337 | D:7      | Found Caulejem's Antique Armour Shop.
  6381 | D:7      | Found Guilait's Antique Weapon Shop.
  6410 | D:7      | Found Miec's General Store.
  6415 | D:7      | Bought a scroll of identify for 24 gold pieces
  6415 | D:7      | Bought a scroll of fear for 42 gold pieces
  6415 | D:7      | Bought a scroll of identify for 24 gold pieces
  6448 | D:7      | Found a sparkling altar of Nemelex Xobeh.
  6448 | D:7      | Found a hazy altar of Hepliaklqana.
  6449 | D:7      | Found a shimmering altar of Xom.
  6497 | D:7      | Found a staircase to the Ecumenical Temple.
  6754 | D:7      | Found Fipommufuf's Distillery.
  6767 | D:7      | Bought a potion of heal wounds for 70 gold pieces
  7031 | D:7      | Reached skill level 9 in Armour
  7108 | D:8      | Noticed shugdite's ghost (novice MiFi)
  7127 | D:8      | Killed shugdite's ghost
  7127 | D:8      | Reached XP level 10. HP: 90/90 MP: 9/9
  7257 | D:7      | Became a worshipper of Nemelex Xobeh the Trickster
  7321 | D:8      | Noticed Erica
  7337 | D:8      | Killed Erica
  7393 | D:8      | Received a gift from Nemelex Xobeh
  7598 | D:8      | Noticed a moth of wrath
  7601 | D:8      | Found a bloodstained altar of Trog.
  7751 | D:8      | Noticed a three-headed hydra
  7755 | D:8      | Killed a one-headed hydra
  7755 | D:8      | Reached skill level 10 in Armour
  8191 | D:8      | Noticed a two-headed ogre
  8199 | D:8      | Killed a two-headed ogre
  8245 | D:8      | Reached XP level 11. HP: 41/99 MP: 10/10
  8803 | D:9      | Found a staircase to the Orcish Mines.
  8829 | D:9      | Found Pyatweg's Weapon Shoppe.
  8838 | D:9      | Reached * piety under Nemelex Xobeh
  8973 | D:9      | Found a staircase to the Lair.
  9025 | D:9      | Noticed a two-headed ogre
  9033 | D:9      | Killed a two-headed ogre
  9033 | D:9      | Reached skill level 10 in Shields
  9135 | D:9      | Received a gift from Nemelex Xobeh
  9493 | D:10     | Entered Level 10 of the Dungeon
  9550 | D:10     | Reached skill level 10 in Fighting
 10134 | D:10     | Reached ** piety under Nemelex Xobeh
 10134 | D:10     | Received a gift from Nemelex Xobeh
 10416 | D:10     | Received a gift from Nemelex Xobeh
 10625 | D:10     | Killed an unseen horror
 10625 | D:10     | Reached skill level 10 in Long Blades
 11542 | D:11     | Reached skill level 11 in Armour
 11675 | Temple   | Entered the Ecumenical Temple
 11675 | Temple   | Received a gift from Nemelex Xobeh
 11675 | Temple   | Received a gift from Nemelex Xobeh
 12042 | D:11     | Reached *** piety under Nemelex Xobeh
 12058 | D:11     | Noticed a cyan ugly thing
 12068 | D:11     | Killed a cyan ugly thing
 12068 | D:11     | Reached skill level 1 in Invocations
 12376 | D:11     | Killed an unseen horror
 12408 | D:11     | Noticed a green ugly thing
 12428 | D:11     | Killed a green ugly thing
 12545 | D:11     | Noticed Sonja
 12568 | D:11     | Killed Sonja
 12756 | D:11     | Reached XP level 12. HP: 108/108 MP: 12/12
 13592 | D:11     | Received a gift from Nemelex Xobeh
 13996 | D:12     | Noticed Fannar
 14012 | D:12     | Killed Fannar
 14012 | D:12     | Reached skill level 10 in Dodging
 14326 | D:12     | Reached **** piety under Nemelex Xobeh
 14381 | D:12     | Noticed Nergalle
 14408 | D:12     | Killed Nergalle
 14720 | D:12     | Found Detim's Magic Scroll Shop.
 14725 | D:12     | Bought a scroll of identify for 32 gold pieces
 14725 | D:12     | Bought a scroll of vulnerability for 120 gold pieces
 14725 | D:12     | Bought a scroll of identify for 32 gold pieces
 14725 | D:12     | Bought a scroll of identify for 32 gold pieces
 14725 | D:12     | Bought a scroll of identify for 32 gold pieces
 14725 | D:12     | Bought a scroll of teleportation for 48 gold pieces
 14725 | D:12     | Bought a scroll of teleportation for 48 gold pieces
 14742 | D:12     | Noticed a two-headed ogre
 14745 | D:12     | Killed a two-headed ogre
 14745 | D:12     | Reached skill level 12 in Armour
 15067 | D:13     | Received a gift from Nemelex Xobeh
 15864 | D:13     | Received a gift from Nemelex Xobeh
 16167 | D:14     | Noticed a centaur warrior
 16179 | D:14     | Killed a centaur warrior
 16180 | D:14     | Noticed a sphinx
 16185 | D:14     | Reached XP level 13. HP: 67/117 MP: 15/15
 16200 | D:14     | Killed a sphinx
 16200 | D:14     | Reached skill level 5 in Invocations
 16272 | D:14     | Noticed an ettin
 16290 | D:14     | Killed an ettin
 16543 | D:14     | Noticed a tengu reaver
 16565 | D:14     | HP: 1/117 [tengu reaver/bolt of poison (15)]
 16569 | D:14     | Killed a tengu reaver
 17482 | Lair:1   | Entered Level 1 of the Lair of Beasts
 17627 | Lair:1   | Reached ***** piety under Nemelex Xobeh
 17635 | Lair:1   | Received a gift from Nemelex Xobeh
 17635 | Lair:1   | Found an ancient bone altar of Kikubaaqudgha.
 17754 | Lair:1   | Identified the Papyrus of Supportive Displacement
 17833 | Lair:1   | Received a gift from Nemelex Xobeh
 18420 | Lair:2   | Received a gift from Nemelex Xobeh
 18484 | Lair:2   | Found a hole to the Spider Nest.
 18554 | Spider:1 | Entered Level 1 of the Spider Nest
 18877 | Lair:2   | Found a staircase to the Swamp.
 18902 | Swamp:1  | Entered Level 1 of the Swamp
 19792 | Lair:3   | Received a gift from Nemelex Xobeh
 20174 | Lair:3   | Reached skill level 13 in Armour
 20189 | Lair:3   | Got a pair of warped boots
 20200 | Lair:3   | Identified the -4 pair of boots of Noxokhlul {Int-3 Dex+4 Stlth+} (You found it on level 3 of the Lair of Beasts)
 20935 | Lair:4   | Found a shimmering altar of Xom.
 21069 | Lair:4   | Received a gift from Nemelex Xobeh
 21110 | Lair:4   | Reached ****** piety under Nemelex Xobeh
 21117 | Lair:4   | Reached XP level 14. HP: 127/127 MP: 17/17
 21633 | Lair:5   | Received a gift from Nemelex Xobeh
 21794 | Lair:5   | Received a gift from Nemelex Xobeh
 21797 | Lair:5   | Found a staircase to the Slime Pits.
 21820 | Slime:1  | Entered Level 1 of the Pits of Slime
 23023 | Lair:6   | Entered Level 6 of the Lair of Beasts
 23025 | Lair:6   | Noticed Josephine
 23182 | Lair:6   | Killed Josephine
 23208 | Lair:6   | Reached skill level 14 in Armour
 23216 | Lair:6   | Received a gift from Nemelex Xobeh
 24133 | Lair:6   | Found a runed door.
 24771 | D:5      | Bought a potion of invisibility for 208 gold pieces
 24771 | D:5      | Bought a scroll of teleportation for 78 gold pieces
 24771 | D:5      | Bought a potion of curing for 78 gold pieces
 24799 | D:5      | Bought a scroll of acquirement for 520 gold pieces
 24799 | D:5      | Bought a scroll of enchant armour for 75 gold pieces
 24799 | D:5      | Bought a scroll of recharging for 95 gold pieces
 24799 | D:5      | Bought a scroll of immolation for 35 gold pieces
 24799 | D:5      | Bought a scroll of holy word for 75 gold pieces
 24897 | D:6      | Killed Prince Ribbit
 24897 | D:6      | Reached XP level 15. HP: 132/136 MP: 19/19
 25000 | Orc:1    | Entered Level 1 of the Orcish Mines
 25000 | Orc:1    | Received a gift from Nemelex Xobeh
 25581 | Orc:2    | Entered Level 2 of the Orcish Mines
 25581 | Orc:2    | Found a bloodstained altar of Trog.
 25682 | Orc:2    | Found a staircase to the Elven Halls.
 25707 | Orc:2    | Found a roughly hewn altar of Beogh.
 26130 | Orc:2    | Received a gift from Nemelex Xobeh
 26235 | Orc:2    | Noticed an orc warlord
 26280 | Orc:2    | Killed an orc warlord
 26672 | Orc:2    | Found Qif Vone's Antique Weapon Boutique.
 26673 | Orc:2    | Found a roughly hewn altar of Beogh.
 26677 | Orc:2    | Found Sihy Egiusmy's Antique Armour Shop.
 26753 | Orc:2    | Found a roughly hewn altar of Beogh.
 26993 | Orc:2    | Found a roughly hewn altar of Beogh.
 27006 | Orc:2    | Found Muzxinn's Weapon Emporium.
 27078 | Orc:2    | Found a roughly hewn altar of Beogh.
 27078 | Orc:2    | Found Soexadee's Food Shoppe.
 27269 | Orc:2    | Bought a meat ration for 50 gold pieces
 27269 | Orc:2    | Bought a bread ration for 50 gold pieces
 27269 | Orc:2    | Bought a meat ration for 50 gold pieces
 27269 | Orc:2    | Bought a royal jelly for 20 gold pieces
 27269 | Orc:2    | Bought a royal jelly for 20 gold pieces
 27269 | Orc:2    | Bought a royal jelly for 20 gold pieces
 27269 | Orc:2    | Bought a meat ration for 50 gold pieces
 27269 | Orc:2    | Bought a meat ration for 50 gold pieces
 27269 | Orc:2    | Bought a fruit for 15 gold pieces
 27269 | Orc:2    | Bought a royal jelly for 20 gold pieces
 27269 | Orc:2    | Bought a meat ration for 50 gold pieces
 27269 | Orc:2    | Bought a royal jelly for 20 gold pieces
 27319 | Orc:2    | Found a roughly hewn altar of Beogh.
 27839 | D:14     | Found a gateway to a bazaar.
 28272 | D:14     | Noticed a frost giant
 28286 | D:14     | Killed a frost giant
 28653 | D:14     | Noticed a storm dragon
 28668 | D:14     | Killed a storm dragon
 28678 | D:14     | Got a crystal great sword
 28771 | D:14     | Found a gate to the Vaults.
 28952 | D:15     | Entered Level 15 of the Dungeon
 28962 | D:15     | Reached skill level 15 in Armour
 29018 | D:15     | Received a gift from Nemelex Xobeh
 29816 | Temple   | Identified the +0 great sword of Laagogeq {venom, +Fly rF+ Int+4} (You found it on level 14 of the Dungeon)
 30058 | D:15     | Noticed a frost giant
 30080 | D:15     | Killed a frost giant
 30089 | D:15     | Found a staircase to the Depths.
 30227 | D:15     | Received a gift from Nemelex Xobeh
 30706 | Spider:1 | Reached XP level 16. HP: 62/147 MP: 22/22
 30721 | Spider:1 | Blown up by an orb spider

Skill      XL: |  1  2  3  4  5  6  7  8  9 10 11 12 13 14 15 |
---------------+----------------------------------------------+-----
Armour         | 4 5 6 7 9 10 11 12 13 14 15 | 15.4
Shields        | 4 5 6 7 8 9 11 12 13 14 | 14.5
Long Blades    | 3 4 5 7 8 9 10 11 12 13 14 | 14.3
Dodging        | 1 2 3 4 5 6 8 9 10 11 12 13 | 13.6
Fighting       | 4 5 7 8 9 10 11 12 13 14 | 14.4
Invocations    | 2 4 6 7 9 |  9.4

Action                   |  1- 3 |  4- 6 |  7- 9 | 10-12 | 13-15 | 16-18 || total
-------------------------+-------+-------+-------+-------+-------+-------++-------
Melee: Long sword        |    35 |       |       |       |       |       ||    35
       Headbutt          |    10 |    24 |    63 |   220 |   392 |     2 ||   711
       Scimitar          |    50 |   103 |   361 |   810 |  1151 |     7 ||  2482
Evoke: Deck              |       |       |       |    14 |   101 |     3 ||   118
       Wand              |       |       |       |     6 |       |       ||     6
  Use: Potion            |       |     1 |     6 |       |    10 |       ||    17
       Scroll            |       |       |    18 |    15 |    29 |       ||    62
 Stab: Distracted        |       |       |       |     1 |     4 |       ||     5
  Eat: Chunk             |     2 |     6 |    13 |    42 |    41 |       ||   104
Armor: Scale mail        |    26 |    41 |    32 |       |       |       ||    99
       Chain mail        |       |       |   124 |   376 |   398 |     9 ||   907
Dodge: Dodged            |    44 |    44 |   129 |   281 |   672 |    24 ||  1194
Block: Shield            |    48 |    55 |   211 |   483 |   851 |    24 ||  1672
       Rpst.: Long sword |     2 |       |       |       |       |       ||     2
       Scimitar          |    11 |    13 |    32 |    69 |   148 |     5 ||   278
